 Dungeon Crawl Stone Soup version 0.22-a0-83-g218e7ff (webtiles) character file.

2424 KristoblXynda the Nimble (level 9, -1/43 HPs)
             Began as a Spriggan Berserker on Jan 19, 2018.
             Was a High Priest of Trog.
             Slain by a wyvern zombie (10 damage)
             ... on level 7 of the Dungeon.
             The game lasted 00:18:57 (7181 turns).

KristoblXynda the Nimble (Spriggan Berserker)       Turns: 7181, Time: 00:18:57

Health: -1/43      AC:  3    Str: 17    XL:     9   Next: 24%
Magic:  13/13      EV: 28    Int: 10    God:    Trog [*****.]
Gold:   269        SH:  6    Dex: 20    Spells: 8/8 levels left

rFire    . . .     SeeInvis +   w - +1 dagger (speed)
rCold    x . .     Gourm    .   (shield restricted)
rNeg     . . .     Faith    .   b - +0 animal skin
rPois    .         Spirit   .   i - +1 hat
rElec    +         Reflect  +   (no cloak)
rCorr    +         Harm     .   (gloves unavailable)
MR       +....                  (boots unavailable)
Stlth    +++++.....             r - amulet "Laguad" {Reflect rElec rC- Dex+3 SH+6}
HPRegen  0.14/turn              e - +4 ring of strength
MPRegen  0.13/turn              a - ring of resist corrosion

@: very quick
A: very small, unfitting armour, see invisible, herbivore, speed 3, slow
metabolism 2
a: Berserk, Trog's Hand, Brothers in Arms, Burn Spellbooks, Renounce Religion


You were on level 7 of the Dungeon.
You worshipped Trog.
Trog was extremely pleased with you.
You were not hungry.

You visited 1 branch of the dungeon, and saw 7 of its levels.
You also visited: Ossuary.

You collected 269 gold pieces.

Inventory:

Hand Weapons
 w - a +1 dagger of speed (weapon)
 x - a +1 antimagic rapier
Missiles
 n - 2 throwing nets (quivered)
Armour
 b - a +0 animal skin (worn)
 i - a +1 hat (worn)
Jewellery
 a - a ring of resist corrosion (right hand)
 e - a +4 ring of strength (left hand)
 o - an uncursed ring of magical power
 r - the amulet "Laguad" (around neck) {Reflect rElec rC- Dex+3 SH+6}
   (You found it on level 4 of the Dungeon)

   [amulet of reflection]

   It shields you and reflects attacks.
   It affects your dexterity (+3).
   It makes you vulnerable to cold.
   It insulates you from electricity.
   It affects your SH (+6).
 v - a cursed +2 amulet of reflection {unknown}
Wands
 j - a wand of iceblast (5)
 s - a wand of clouds (6)
Scrolls
 d - 3 scrolls of teleportation
 f - 4 scrolls of remove curse
 l - 3 scrolls of fear
Potions
 g - 2 potions of degeneration {unknown}
 h - a potion of flight {unknown}
 k - 2 potions of ambrosia
 m - a potion of agility
 p - 3 potions of heal wounds
 q - a potion of curing
 t - 2 potions of resistance {unknown}
 u - 3 potions of lignification
 z - a potion of invisibility {unknown}
Comestibles
 c - 4 rations


   Skills:
 - Level 2.4 Fighting
 + Level 8.2 Short Blades
 + Level 10.6 Dodging
 + Level 10.5 Stealth
 + Level 4.7 Evocations


You had 8 spell levels left.
You didn't know any spells.

Dungeon Overview and Level Annotations

Branches:
Dungeon (7/15)             Temple (0/1) D:7

Altars:
Elyvilon
Nemelex Xobeh
Okawaru
Qazlal
Uskayaw
Wu Jian

Shops:
D:6 ?


Innate Abilities, Weirdness & Mutations

You are very small and have problems with some larger weapons.
You are too small for most types of armour.
You have supernaturally acute eyesight. (SInv)
You are a herbivore.
You cover ground extremely quickly.
You need consume almost no food.


Message History

You hit the wyvern zombie.
The wyvern zombie is moderately damaged.
You block the wyvern zombie's attack.
You barely miss the wyvern zombie.
The wyvern zombie is moderately damaged.
You hit the wyvern zombie.
The wyvern zombie is moderately damaged.
The wyvern zombie bites you!
* * * LOW HITPOINT WARNING * * *
You hit the wyvern zombie.
The wyvern zombie is heavily damaged.
You hit the wyvern zombie but do no damage.
The wyvern zombie is heavily damaged.
The wyvern zombie completely misses you.
You hit the wyvern zombie but do no damage.
The wyvern zombie is heavily damaged.
You hit the wyvern zombie.
The wyvern zombie is heavily damaged.
The wyvern zombie bites you!
You die...

##.### #.# #.##.....#. .....# #.#
#..#.....[. ##.#.###.#
#..≈≈≈....# .........#
#.≈§§≈≈..#### .# ##.#.###.#
#.##≈≈§≈§≈§<.#. ####.# #.#.#
#.###.##≈§§>≈§§.#(# #.....
##.#.###...#..<§§§≈§≈§.#.###.##..
...>........)##.≈§§≈≈..(..##|#...
......##...#.#..@≈≈≈.)))......._.
####..##..##.#.#Z##.##)##.##.....
#..##..##.#.#.##.##.##.##....#
#...†..##)#.#..†#...##)##.....
##.###.#Z)..#.##.#####.#####.#
#....).....#.##.# #.# ###.#
#####.#...##.##.# #.# #.#..
#.##)###....#####.# #.##.
#.##.###.......##. #....


You could see a wyvern zombie.

Vanquished Creatures
  2 sky beasts (D:7)
  2 orc warriors (D:7)
  2 phantoms (D:5)
  A centaur (D:6)
  An elf zombie (Ossuary)
  2 bullfrogs
  A water moccasin skeleton (D:6)
  4 scorpions
  7 wights (D:6)
  A howler monkey (D:5)
  2 crimson imps
  2 orc priests
  2 centaur zombies
  A hound (D:2)
  A bullfrog skeleton (D:7)
  7 orc wizards
  An iguana (D:7)
  Natasha (thrice) (D:3)
  5 worker ants
  Terence (D:3)
  2 mummies (Ossuary)
  2 worker ant zombies
  8 adders
  4 gnolls (D:3)
  A shadow imp (D:6)
  An ooze (D:3)
  2 adder zombies (Ossuary)
  3 worms (D:4)
  3 dart slugs
  9 leopard geckos
  15 orcs
  3 ball pythons
  5 bats
  4 giant cockroaches
  7 goblins
  10 hobgoblins
  5 jackals
  6 kobolds
  2 quokkas
  4 frilled lizards
  A goblin zombie (Ossuary)
  13 hobgoblin zombies (Ossuary)
  9 kobold zombies (Ossuary)
  7 orc zombies (Ossuary)
  10 rats
  2 rat zombies (Ossuary)
186 creatures vanquished.

Vanquished Creatures (others)
  4 toadstools (D:1)
4 creatures vanquished.

Grand Total: 190 creatures vanquished

Notes
Turn   | Place    | Note
-------+----------+-------------------------------------------
     0 | D:1      | KristoblXynda the Spriggan Berserker began the quest for the Orb.
     0 | D:1      | Reached XP level 1. HP: 11/11 MP: 2/2
    17 | D:1      | Reached skill level 1 in Stealth
    28 | D:1      | Reached XP level 2. HP: 16/16 MP: 3/3
   234 | D:1      | Reached skill level 5 in Dodging
   514 | D:2      | Reached XP level 3. HP: 18/19 MP: 4/4
   624 | D:2      | Reached ** piety under Trog
   717 | D:2      | Reached XP level 4. HP: 23/23 MP: 5/5
  1299 | D:3      | Noticed Natasha
  1308 | D:3      | Killed Natasha
  1391 | D:3      | Noticed Terence
  1395 | D:3      | Killed Terence
  1395 | D:3      | Reached XP level 5. HP: 27/27 MP: 6/6
  1528 | D:3      | Noticed Natasha
  1679 | D:3      | Killed Natasha
  1679 | D:3      | Reached skill level 5 in Stealth
  1742 | D:3      | HP: 2/40 [scorpion (1)]
  1747 | D:3      | HP: 1/40 [poisoned by a scorpion]
  1753 | D:3      | Reached skill level 5 in Short Blades
  1753 | D:3      | Reached XP level 6. HP: 4/32 MP: 7/7
  2024 | D:3      | Noticed Natasha
  2047 | D:3      | Killed Natasha
  2109 | D:3      | Found a sparkling altar of Nemelex Xobeh.
  2113 | D:3      | Found a hide-covered altar of Uskayaw.
  2114 | D:3      | Found an ornate altar of the Wu Jian Council.
  2114 | D:3      | Found an iron altar of Okawaru.
  2357 | D:4      | Found a white marble altar of Elyvilon.
  2460 | D:4      | Got a coiled ivory amulet
  3378 | D:4      | Reached *** piety under Trog
  3392 | D:5      | Entered Level 5 of the Dungeon
  3736 | D:5      | Identified the amulet "Laguad" {Reflect rElec rC- Dex+3 SH+6} (You found it on level 4 of the Dungeon)
  3802 | D:5      | Reached XP level 7. HP: 17/35 MP: 8/8
  4761 | D:6      | Reached XP level 8. HP: 19/39 MP: 9/9
  4834 | D:6      | Found Loanoof's Magic Scroll Shop.
  4895 | D:6      | Found a sand-covered staircase.
  4900 | Ossuary  | Entered an ossuary
  5013 | Ossuary  | Reached **** piety under Trog
  5669 | D:6      | Reached skill level 1 in Evocations
  6144 | D:6      | Reached ***** piety under Trog
  6253 | D:6      | Reached skill level 10 in Dodging
  6662 | D:7      | Reached skill level 10 in Stealth
  6675 | D:7      | Reached XP level 9. HP: 32/43 MP: 12/12
  6867 | D:7      | Found a staircase to the Ecumenical Temple.
  6935 | D:7      | Received a gift from Trog
  7132 | D:7      | Found a stormy altar of Qazlal.
  7181 | D:7      | Slain by a wyvern zombie

Vault maps used:
D:1:      ldierk_walled_garden_2
D:2:      kennysheep_six_static_rooms, first_ration
D:3:      chequers_temple_overflow_statue_of_worship, uniq_terence, uniq_natasha
D:4:      kennysheep_mini_moat
D:5:      minivault_24, grunt_decor_cap
D:6:      enter_ossuary_2, serial_shops, shop, nrook_loot_triangle
D:7:      nicolae_overflow_crystal_walls, grunt_temple_overflow_cloverleaf,
          minmay_temple_entry_mist, serial_shops, nicolae_shop_behind_doors
Ossuary:  ossuary_tomb_1

Skill      XL: |  1  2  3  4  5  6  7  8  9 |
---------------+----------------------------+-----
Stealth        | 1 2 3 4 5 6 8 10 | 10.5
Dodging        | 5 6 7 8 10 | 10.6
Short Blades   | 4 5 6 7 8 |  8.2
Evocations     | 3 4 |  4.7
Fighting       | |  2.4

Action                   |  1- 3 |  4- 6 |  7- 9 || total
-------------------------+-------+-------+-------++-------
Melee: Short sword       |   118 |   321 |   282 ||   721
       Dagger            |       |       |   291 ||   291
       Rapier            |       |       |     9 ||     9
Invok: Berserk           |     2 |     4 |     3 ||     9
       Trog's Hand       |       |     2 |       ||     2
Evoke: Wand              |       |       |     4 ||     4
  Use: Potion            |       |     3 |     2 ||     5
       Scroll            |       |     3 |    10 ||    13
 Stab: Sleeping          |     3 |    12 |    10 ||    25
       Distracted        |       |       |     2 ||     2
  Eat: Ration            |       |     4 |     4 ||     8
Armor: Animal skin       |    12 |    19 |     6 ||    37
       Skin              |       |     9 |     9 ||    18
Dodge: Dodged            |    86 |   244 |   250 ||   580
Block: Other             |       |     7 |    89 ||    96
       Reflection        |       |       |     1 ||     1

Table legend:
 A = Spawn XP
 B = Non-spawn XP
 C = Spawn XP percentage of total XP
 D = Spawn monster count
 E = Non-spawn monster count
 F = Spawn count percentage of total count
 G = Total turns spent on level
                    A         B        C        D         E        F      G
               +---------+---------+-------+---------+---------+-------+---------
         Total |       0 |    3463 |   0.0 |       0 |     186 |   0.0 |  7181
               +---------+---------+-------+---------+---------+-------+---------
           D:1 |       0 |      40 |   0.0 |       0 |      22 |   0.0 |   512
           D:2 |       0 |      90 |   0.0 |       0 |      19 |   0.0 |   787
           D:3 |       0 |     357 |   0.0 |       0 |      27 |   0.0 |  1038
           D:4 |       0 |     150 |   0.0 |       0 |      13 |   0.0 |  1055
           D:5 |       0 |     511 |   0.0 |       0 |      18 |   0.0 |  1288
           D:6 |       0 |    1089 |   0.0 |       0 |      30 |   0.0 |  1277
           D:7 |       0 |    1009 |   0.0 |       0 |      19 |   0.0 |   590
       Ossuary |       0 |     217 |   0.0 |       0 |      38 |   0.0 |   634
               +---------+---------+-------+---------+---------+-------+---------
